 Dungeon Crawl Stone Soup version 0.30.0 (webtiles) character file.

Game seed: 124513852086343049

738 AlmostAGhost the Cudgeller (level 7, -3/42 HPs)
             Began as a Gargoyle Gladiator on May 6, 2023.
             Was an Initiate of Elyvilon.
             Slain by a killer bee (5 damage)
             ... on level 5 of the Dungeon.
             The game lasted 00:53:50 (4550 turns).

AlmostAGhost the Cudgeller (Gargoyle Gladiator)     Turns: 4550, Time: 00:53:50

Health: -3/42      AC: 11    Str: 19    XL:     7   Next: 75%
Magic:  7/7        EV: 11    Int: 15    God:    Elyvilon [......]
Gold:   286        SH:  0    Dex: 11    Spells: 6/6 levels left

rFire   . . .        m - +1 mace of Brutal Revenge {speed, +Blink rElec}
rCold   . . .        A - orb {*Rage}
rNeg    + . .        j - +0 ring mail
rPois   ∞            c - +0 helmet
rElec   +            (no cloak)
rCorr   .            (no gloves)
SInv    .            (no boots)
Will    .....        (no amulet)
Stlth   +            C - +6 ring of intelligence
HPRegen 0.27/turn    (no ring)
MPRegen 0.10/turn

%: random rage (20%)
@: on berserk cooldown, on blink cooldown
A: sickness immunity, AC +4, negative energy resistance 1, electricity
resistance, torment resistance 1, petrification resistance
a: Renounce Religion, Evoke Blink


You were on level 5 of the Dungeon.
You worshipped Elyvilon.
Elyvilon was noncommittal.
You visited 1 branch of the dungeon, and saw 5 of its levels.

You collected 286 gold pieces.

Inventory:

Hand Weapons
 a - a +0 flail
 f - a +0 dagger
 l - a +0 whip
 m - the +1 mace of Brutal Revenge (weapon) {speed, +Blink rElec}
   (You found it on level 2 of the Dungeon)

   rElec:     It insulates you from electricity.
   +Blink:    It lets you blink.
 n - a +1 sling
 K - a +1 heavy flail
 O - a +2 flail of protection
Missiles
 d - 3 throwing nets (quivered)
 e - a javelin
 o - 67 stones
 D - 11 poisoned darts
 G - 2 atropa-tipped darts
Armour
 b - a +0 leather armour
 c - a +0 helmet (worn)
 i - a +0 leather armour
 j - a +0 ring mail (worn)
 A - an orb of wrath (worn)
 E - a +0 ring mail
 M - a +0 robe
Magical Staves
 F - a staff of fire
Jewellery
 C - a +6 ring of intelligence (left hand)
Wands
 J - a wand of flame (29)
Scrolls
 g - a scroll of vulnerability
 k - a scroll of amnesia {unknown}
 p - a scroll of teleportation
 q - a scroll of immolation {unknown}
 u - a scroll of enchant armour {unknown}
 v - a scroll of noise {unknown}
 w - a scroll of fear {unknown}
 x - 2 scrolls of identify {unknown}
 y - a scroll of enchant weapon
 z - 2 scrolls of blinking
 H - a scroll of silence {unknown}
 I - a scroll of torment {unknown}
 L - a scroll of poison {unknown}
 P - a scroll of magic mapping {unknown}
Potions
 h - a potion of attraction
 r - 2 potions of flight
 s - 2 potions of lignification
 t - a potion of berserk rage
 B - 2 potions of degeneration
 N - a potion of brilliance {unknown}


   Skills:
 + Level 3.8 Fighting
 + Level 6.6 Maces & Flails
 + Level 1.7 Throwing
 + Level 3.6 Armour
 + Level 3.4 Dodging
 + Level 1.1 Stealth
 + Level 0.3 Evocations


You had 6 spell levels left.
You didn't know any spells.
Your spell library contained the following spells:

 Spells                   Type           Power      Damage    Failure   Level
 Lesser Beckoning         Tloc           0%         N/A       56%         2
 Gell's Gravitas          Tloc           0%         N/A       80%         3
 Teleport Other           Tloc           0%         N/A       80%         3


Dungeon Overview and Level Annotations

Branches:
Dungeon (5/15)
 Temple: D:4-7

Altars:
Elyvilon
Nemelex Xobeh
The Shining One

Annotations:
D:5 1 transporter, ciphuk's ghost, novice NaFi


Innate Abilities, Weirdness & Mutations

You are immune to sickness and miasma.
Your stone body is resilient. (AC +4)
You are immune to poison.
You resist negative energy. (rN+)
You are resistant to electric shocks. (rElec)
You are resistant to unholy torment.
You are immune to petrification.


Message History

Ciphuk's ghost closely misses you.
Press: ? - help, v - describe, . - travel The floor.
You hit the killer bee but do no damage.
The killer bee stings you!
* * * LOW HITPOINT WARNING * * *
The killer bee stings you but does no damage.
The killer bee barely misses you.
The killer bee stings you but does no damage.
Ciphuk's ghost hits you but does no damage.
You sock the killer bee!
The killer bee is severely wounded.
The killer bee stings you.
* * * LOW HITPOINT WARNING * * *
The killer bee closely misses you. The killer bee barely misses you.
The killer bee closely misses you.
Ciphuk's ghost hits you but does no damage.
You closely miss the killer bee.
The killer bee stings you but does no damage. x2
The killer bee barely misses you. x2
Ciphuk's ghost hits you but does no damage.
The killer bee barely misses you.
The killer bee stings you but does no damage.
You sock the killer bee!
The killer bee is severely wounded.
The killer bee stings you but does no damage.
The killer bee closely misses you. Ciphuk's ghost barely misses you.
The killer bee stings you!
* * * LOW HITPOINT WARNING * * *
The killer bee stings you but does no damage.
Okay, then.
You blink.
You feel yourself speed up. The killer bee closely misses you.
The killer bee barely misses you.
The killer bee stings you but does no damage.
You miss the killer bee.
The killer bee is severely wounded.
The killer bee stings you but does no damage.
The killer bee stings you.
You die...

#.##.# ###..#.# .# #.##.#
....#.##.# #.##.#
#.[...#.### ### .....#
....©.... .... #.##.# ..
####### #..## #.##.#
#..#####..©..#####..
.....# #.#
#...#...#...###
#[##.###.##..#..###..#..#
#.##..##.###
#.#@..#...### ..........
####yy#..#### .
#)######.# #..W#...#...#
#)# #.##..#..###..#..
#.######.###.!.#...#...#
#.##......#####$[©).#
...#.####..#############.
#..#.# ##.......©.......
#..#.# #####.##.####.[.


You could see 2 killer bees and ciphuk's ghost.

Vanquished Creatures
  A water moccasin (D:5)
  A black bear (D:4)
  2 killer bees (D:5)
  A quasit (D:4)
  2 orc priests
  A sleepcap (D:4)
  An orc wizard (D:5)
  An iguana (D:5)
  Robin (D:4)
  7 adders
  3 gnolls (D:5)
  2 shadow imps (D:4)
  5 white imps (D:4)
  An ufetubus (D:4)
  4 worms
  2 dart slugs
  10 orcs
  10 endoplasms
  3 giant cockroaches
  8 goblins
  9 hobgoblins
  2 jackals (D:4)
  10 kobolds
  3 quokkas
  14 ball pythons
  11 bats
  3 frilled lizards
  7 rats
125 creatures vanquished.

Vanquished Creatures (others)
  A demonic plant (D:4)
  4 plants
5 creatures vanquished.

Grand Total: 130 creatures vanquished

Notes
Turn   | Place    | Note
-------+----------+-------------------------------------------
     0 | D:1      | AlmostAGhost the Gargoyle Gladiator began the quest for the
                  | Orb.
     0 | D:1      | Reached XP level 1. HP: 12/12 MP: 1/1
   246 | D:1      | Reached XP level 2. HP: 14/18 MP: 2/2
   371 | D:1      | You fall into a shaft and drop 1 floor!
   413 | D:2      | Identified the +1 mace of Brutal Revenge {speed, +Blink
                  | rElec}
   449 | D:2      | Reached XP level 3. HP: 10/22 MP: 3/3
  1160 | D:2      | Reached skill level 4 in Maces & Flails
  1416 | D:2      | Reached XP level 4. HP: 27/27 MP: 4/4
  1422 | D:2      | Reached skill level 1 in Armour
  1874 | D:1      | Found a faded altar of an unknown god.
  2371 | D:3      | Reached XP level 5. HP: 20/32 MP: 5/5
  2553 | D:3      | Reached skill level 5 in Maces & Flails
  3058 | D:4      | Noticed Robin
  3105 | D:4      | Reached XP level 6. HP: 13/37 MP: 6/6
  3113 | D:4      | Killed Robin
  3125 | D:4      | Reached skill level 1 in Stealth
  3307 | D:4      | Found a sparkling altar of Nemelex Xobeh.
  3318 | D:4      | Found a glowing golden altar of the Shining One.
  3327 | D:4      | Found a white marble altar of Elyvilon.
  3379 | D:4      | Became a worshipper of Elyvilon the Healer
  3670 | D:4      | Noticed a black bear
  3682 | D:4      | Killed a black bear
  3891 | D:5      | Entered Level 5 of the Dungeon
  3913 | D:5      | Reached XP level 7. HP: 41/41 MP: 7/7
  4331 | D:5      | Reached skill level 6 in Maces & Flails
  4466 | D:5      | Found a transporter.
  4471 | D:5      | Found a transporter.
  4472 | D:5      | Noticed ciphuk's ghost (novice NaFi)
  4548 | D:5      | HP: 1/42 [killer bee (8)]
  4550 | D:5      | Slain by a killer bee

Illustrated notes

Levels and vault maps discovered:
D:1:      lightli_arrival_flooded_house, layout_loops_ring,
          dreamdust_ecumenical_altar_angels_and_demons
D:2:      minmay_razor_zed, layout_basic, st_stairs_12, grunt_ministairs_10,
          skrybe_limestone_x, minivault_14
D:3:      layout_basic, minmay_shallow_snake_nest
D:4:      layout_basic, grunt_temple_overflow_diamond, serial_demonic,
          serial_demonic_f, serial_demonic_f, serial_demonic_d,
          serial_demonic_g, uniq_robin
D:5:      layout_loops_ring, gammafunk_ghost_hive, kennysheep_generic_room_5

Skill      XL: |  1  2  3  4  5  6  7 |
---------------+----------------------+-----
Maces & Flails | 4 5 6 |  6.6
Armour         | 1 2 3 |  3.6
Fighting       | 3 |  3.8
Stealth        | 1 |  1.1
Dodging        | 3 |  3.4
Throwing       | |  1.7
Evocations     | |  0.3

Action                     |  1- 3 |  4- 6 |  7- 9 || total
---------------------------+-------+-------+-------++-------
  Melee: Flail             |    51 |       |     7 ||    58
         Mace              |    94 |   239 |    40 ||   373
         Punch             |     2 |     2 |       ||     4
Ability: Evoke Blink       |     1 |       |     3 ||     4
    Use: Scroll            |       |     3 |     1 ||     4
         Potion            |       |     5 |     2 ||     7
 Armour: Leather armour    |    13 |       |       ||    13
         Ring mail         |    33 |   155 |    35 ||   223
  Dodge: Dodged            |    53 |   189 |    39 ||   281
